AoeStats
← Your Mom

MegaRandom

509179806Analyzed
3v3 RM · 7d ago on Sep 25, 2026· 45m 17s· 6 players
Game mode
Random Map
Map size
Normal (6 player)
Population
200
Speed
Normal
Resources
Standard
Victory
Conquest
Starting age
Dark Age
Ending age
Imperial Age
RankedLock teamsTeams togetherTeam positionsShared explorationLock speedFull tech treeHidden civsTurbo modeCheats
Victory
Defeat
🇹🇷 Huns · Türkiye
915
+10
🇹🇷 Cumans · Türkiye
889
+11
🇹🇷 Ethiopians · Türkiye
882
+11
🇯🇴 Turks · Jordan
799
-11
🇬🇧 Gurjaras · United Kingdom
792
-11
🇩🇪 Franks · Germany
742
-10
Honorius
3:31 Loom
10:56 Feudal Age
11:31 Horse Collar
12:23 Double-Bit Axe
17:07 Bloodlines
19:36 Forging
25:59 Castle Age
27:49 Wheelbarrow
28:42 Bow Saw
30:35 Gold Mining
30:43 Stone Mining
36:35 Imperial Age
39:14 Padded Archer Armor
39:05 Fletching
39:27 Elite Chakram Thrower
40:14 Elite Skirmisher
42:13 Leather Archer Armor
41:54 Bodkin Arrow
MR.ESSA
14:04 Feudal Age
15:02 Man-at-Arms
24:14 Castle Age
22:00 Loom
24:55 Long Swordsman
Your Mom
0:36 Loom
12:01 Feudal Age
12:50 Double-Bit Axe
24:48 Wheelbarrow
27:36 Castle Age
25:42 Gold Mining
27:02 Scale Mail Armor
27:13 Forging
27:20 Stone Mining
29:29 Bow Saw
33:46 Squires
33:07 Pikeman
34:32 Caravan
35:21 Fortified Wall
36:29 Gold Shaft Mining
36:36 Chain Mail Armor
36:56 Iron Casting
39:06 Husbandry
38:28 Light Cavalry
39:21 Scale Barding Armor
Lione..
7:15 Loom
9:36 Feudal Age
23:30 Castle Age
21:52 Double-Bit Axe
21:50 Horse Collar
23:26 Gold Mining
23:50 Crossbowman
25:34 Fletching
30:32 Bodkin Arrow
31:19 Husbandry
31:29 Bloodlines
31:32 Forging
32:17 Scale Barding Armor
33:04 Iron Casting
32:38 Thumb Ring
36:09 Bow Saw
37:30 Gold Shaft Mining
38:19 Wheelbarrow
42:22 Imperial Age
40:17 Elite Skirmisher
40:20 Light Cavalry
42:16 Heavy Plow
42:36 Hand Cart
44:50 Chemistry
44:10 Ballistics
44:03 Bracer
45:03 Blast Furnace
44:06 Padded Archer Armor
44:26 Chain Barding Armor
44:59 Cavalier
SZY19999
0:41 Loom
11:12 Feudal Age
11:37 Horse Collar
11:46 Double-Bit Axe
17:55 Castle Age
18:10 Wheelbarrow
21:30 Heavy Plow
21:43 Bow Saw
23:55 Hand Cart
24:05 Fletching
24:32 Crossbowman
25:17 Padded Archer Armor
25:54 Thumb Ring
26:52 Leather Archer Armor
27:14 Bodkin Arrow
27:43 Ballistics
32:55 Imperial Age
30:27 Gold Mining
32:33 Gold Shaft Mining
34:50 Chemistry
33:14 Arbalester
34:26 Ring Archer Armor
33:57 Bracer
36:10 Two-Man Saw
35:05 Town Watch
39:00 Town Patrol
aacar6135
11:19 Feudal Age
15:43 Double-Bit Axe
23:19 Horse Collar
28:25 Castle Age
26:55 Scale Mail Armor
26:55 Padded Archer Armor
28:29 Capped Ram
28:33 Pikeman
29:13 Squires
30:32 Bow Saw
31:12 Chain Mail Armor
31:17 Leather Archer Armor
32:35 Gold Mining
34:29 Gold Shaft Mining
40:12 Imperial Age
40:19 Siege Ram
40:23 Halberdier
41:36 Plate Mail Armor
41:36 Ring Archer Armor
Connection lost

Rejoining the realm…

Still unreachable

The connection could not be restored.

Session expired

The server has moved on; the page needs a fresh start.